 Dungeon Crawl Stone Soup version 0.19.5 (webtiles) character file.

1758 Reinor the Gusty (level 9, -2/50 HPs)
             Began as a Tengu Air Elementalist on Mar 25, 2017.
             Slain by a wraith (6 damage)
             ... on level 5 of the Dungeon.
             The game lasted 00:28:53 (5012 turns).

Reinor the Gusty (Tengu Air Elementalist)           Turns: 5012, Time: 00:28:54

Health: -2/50      AC:  3    Str: 10    XL:     9   Next: 6%
Magic:  8/16       EV: 15    Int: 23    God:
Gold:   295        SH:  0    Dex: 14    Spells: 4 memorised, 5 levels left

rFire  . . .     SeeInvis .     e - +3 dagger (speed)
rCold  + . .     Gourm    .     a - +0 robe
rNeg   . . .     Faith    .     (no shield)
rPois  .         Spirit   .     (helmet restricted)
rElec  .         Reflect  .     (no cloak)
rCorr  .         Harm     .     r - +0 pair of gloves
MR     .....                    (boots unavailable)
Stlth  +++.......               (no amulet)
                                v - ring of protection from cold
                                t - +5 ring of intelligence

@: slowed, repel missiles, very slow
A: beak, talons 3, able to fly 1
a: Fly


You were on level 5 of the Dungeon.
You were not hungry.

You visited 2 branches of the dungeon, and saw 6 of its levels.

You collected 295 gold pieces.

Inventory:

Hand Weapons
 d - a +4 dagger
 e - a +3 dagger of speed (weapon)
Missiles
 y - 2 throwing nets (quivered)
Armour
 a - a +0 robe (worn)
 r - a +0 pair of gloves (worn)
Jewellery
 t - a +5 ring of intelligence (left hand)
 v - a ring of protection from cold (right hand)
Wands
 q - a wand of acid (8/15)
 w - a wand of polymorph (5/24)
 x - a wand of confusion (29/48)
 C - a wand of acid (8/15)
 E - a wand of disintegration (9/24)
Scrolls
 f - 3 scrolls of remove curse
 o - 4 scrolls of amnesia
 s - a scroll of fear
 u - a scroll of immolation {unknown}
 z - 3 scrolls of teleportation {unknown}
 B - 2 scrolls of identify
 D - a scroll of fog {unknown}
Potions
 g - 4 potions of curing
 h - a potion of cancellation
 i - 2 potions of invisibility
 m - 2 potions of lignification
 A - a potion of flight
Books
 b - a book of Air

   Spells                             Type                      Level
   a - Shock                          Conjuration/Air              1
   b - Swiftness                      Charms/Air                   2
   c - Repel Missiles                 Charms/Air                   2
   d - Static Discharge               Conjuration/Air              3
   e - Lightning Bolt                 Conjuration/Air              5
Comestibles
 c - 3 bread rations
 j - 5 chunks of flesh
 k - 3 meat rations
 l - a slice of pizza
 n - a royal jelly
 p - 4 fruits


   Skills:
 - Level 3.0 Fighting
 - Level 6.0 Dodging
 - Level 4.0 Stealth
 - Level 4.0 Spellcasting
 + Level 6.9 Conjurations
 - Level 3.0 Charms
 + Level 7.0 Air Magic


You had 5 spell levels left.
You knew the following spells:

 Your Spells              Type           Power        Failure   Level  Hunger
a - Shock                 Conj/Air       ####         1%          1    None
b - Repel Missiles        Chrm/Air       ####..       1%          2    #......
c - Static Discharge      Conj/Air       #####...     1%          3    ##.....
d - Lightning Bolt        Conj/Air       #####.....   17%         5    ######.


Dungeon Overview and Level Annotations

Branches:
Dungeon (5/15)             Temple (1/1) D:5

Altars:
Ashenzari
Cheibriados
Dithmenos
Elyvilon
Fedhas
Gozag
Hepliaklqana
Kikubaaqudgha
Makhleb
Nemelex Xobeh
Okawaru
Qazlal
Ru
Yredelemnul
Zin
The Shining One

Shops:
D:5 }


Innate Abilities, Weirdness & Mutations

You have a beak for a mouth.
You have claws for feet.
You can fly.


Message History

Aiming: Shock
Press: ? - help, Shift-Dir - straight line, f/p - wraith
Aim: a wraith (severely damaged)
The zap hits the wraith.
The wraith appears unharmed.
The wraith is severely damaged.
The wraith hits you.
* * * LOW HITPOINT WARNING * * *
Casting: Shock
Confirm with . or Enter, or press ? or * to list all spells.
Aiming: Shock
Press: ? - help, Shift-Dir - straight line, f/p - wraith
Aim: a wraith (severely damaged)
The zap hits the wraith.
The wraith appears unharmed.
The wraith is severely damaged.
The wraith hits you!
* * * LOW HITPOINT WARNING * * *
The wraith drains your vigour!
You feel as though you will be slow longer.
The wraith hits you.
You die...

.....#.....# #(#.#.#######.#
###################....[........#
....................#.#.#########
........................#
#####################.#.#
.....#.....#......# ###.#
..)..#.....#......# #.#
..#..#..#..#..###'# ###
..#..#..#..#..#[@?#
..#.....#[....#W}.#
..#.....#.....#?/)#
###################


You could see a wraith.

Vanquished Creatures
  Grinder (D:5)
  The ghost of patcoet the Firebug, an amateur DsFE of Vehumet (D:5)
  An orc warrior (D:5)
  A phantom (D:5)
  4 ogres
  A wyvern skeleton (D:5)
  2 howler monkeys
  2 crimson imps (D:5)
  2 bullfrog zombies (D:5)
  2 hounds
  An orc priest (D:3)
  6 orc wizards
  A bullfrog skeleton (D:5)
  2 worker ants
  A hound skeleton (D:5)
  7 gnolls (D:4)
  5 adders
  A shadow imp (D:5)
  2 oozes
  3 worms
  2 dart slugs (D:1)
  5 leopard geckos
  17 orcs
  7 giant cockroaches
  10 goblins
  3 hobgoblins
  10 kobolds
  2 quokkas
  A ball python (D:2)
  11 bats
  8 frilled lizards
  A leopard gecko skeleton (D:4)
  6 rats
  A fungus (D:2)
130 creatures vanquished.

Notes
Turn   | Place    | Note
-------+----------+-------------------------------------------
     0 | D:1      | Reinor the Tengu Air Elementalist began the quest for the Orb.
     0 | D:1      | Reached XP level 1. HP: 10/10 MP: 4/4
   251 | D:1      | Reached XP level 2. HP: 15/15 MP: 1/6
   614 | D:1      | Learned a level 2 spell: Repel Missiles
   733 | D:1      | Reached XP level 3. HP: 19/19 MP: 4/7
   803 | D:2      | Learned a level 3 spell: Static Discharge
  1005 | D:2      | Reached skill level 5 in Air Magic
  1564 | D:3      | Reached XP level 4. HP: 24/24 MP: 4/9
  2052 | D:3      | Found a sparkling altar of Nemelex Xobeh.
  2389 | D:3      | Reached skill level 6 in Air Magic
  2389 | D:3      | Gained mutation: You can fly. [Tengu growth]
  2389 | D:3      | Reached XP level 5. HP: 28/28 MP: 4/11
  2758 | D:4      | Reached XP level 6. HP: 32/32 MP: 8/13
  2925 | D:4      | Learned a level 5 spell: Lightning Bolt
  3170 | D:4      | Reached skill level 5 in Conjurations
  3170 | D:4      | Reached XP level 7. HP: 12/36 MP: 7/14
  3667 | D:5      | Entered Level 5 of the Dungeon
  3709 | D:5      | Reached skill level 1 in Charms
  3815 | D:5      | Noticed patcoet's ghost (amateur DsFE)
  3819 | D:5      | Killed patcoet's ghost
  3819 | D:5      | Reached XP level 8. HP: 44/45 MP: 15/15
  3897 | D:5      | Found Yroekhly's Gadget Shop.
  4217 | D:5      | Found a staircase to the Ecumenical Temple.
  4221 | D:5      | HP: 2/46 [ogre/giant club (23)]
  4235 | Temple   | Entered the Ecumenical Temple
  4455 | D:5      | Noticed Grinder
  4475 | D:5      | Killed Grinder
  4475 | D:5      | Reached skill level 5 in Dodging
  4568 | D:5      | Found a blossoming altar of Fedhas.
  4800 | D:5      | Reached XP level 9. HP: 46/50 MP: 2/16
  4855 | D:5      | Reached skill level 7 in Air Magic
  5012 | D:5      | Slain by a wraith

Skill      XL: |  1  2  3  4  5  6  7  8  9 |
---------------+----------------------------+-----
Air Magic      | 5 6 7 |  7.0
Spellcasting   | 3 4 |  4.0
Conjurations   | 3 5 6 |  6.9
Stealth        | 3 4 |  4.0
Charms         | 2 3 |  3.0
Fighting       | 2 3 |  3.0
Dodging        | 6 |  6.0

Action                   |  1- 3 |  4- 6 |  7- 9 || total
-------------------------+-------+-------+-------++-------
Melee: Unarmed           |     5 |       |       ||     5
       Dagger            |    48 |    14 |    29 ||    91
       Kick              |    13 |     5 |     6 ||    24
       Peck              |    10 |     1 |     3 ||    14
 Cast: Shock             |    74 |   139 |   118 ||   331
       Static Discharge  |       |       |     4 ||     4
       Repel Missiles    |       |       |     1 ||     1
Evoke: Wand              |       |       |     7 ||     7
  Use: Scroll            |     8 |     4 |     2 ||    14
       Potion            |       |       |     1 ||     1
 Stab: Sleeping          |     1 |     1 |     1 ||     3
  Eat: Chunk             |     3 |     5 |     6 ||    14
Armor: Robe              |    13 |     2 |     5 ||    20
Dodge: Dodged            |    39 |    24 |    34 ||    97
